Map: Flashback EE

Players

Aymen

  • Race: Zerg Zerg
  • Spawn Location: 7:00

sHESbrOKen

  • Race: Protoss Protoss
  • Spawn Location: 7:00

BON

  • Race: Terran Terran
  • Spawn Location: 7:00

MrFercho - Winner!

  • Race: Zerg Zerg
  • League: Gold
  • Spawn Location: 11:00

TATORREA - Winner!

  • Race: Protoss Protoss
  • League: Gold
  • Spawn Location: 11:00

tigro - Winner!

  • Race: Terran Terran
  • League: Bronze
  • Spawn Location: 9:00

VOD

Have the link to the VOD?

Description

Time

  • Played on: July 21, 2020, 9:04 p.m.
  • Length: 16:38
Show
View Real Time Build Order
Export as new Build Order

Aymen Zerg 

Build Orders: Pool First, Lurkers 

Get SALT Encoding   

  12  0:01  Drone  
  13  0:13  Overlord  
  13  0:18  Drone  
  14  0:31  Drone x2  
  14  0:34  Drone  
  17  0:47  Spawning Pool  
  17  0:49  Drone  
  17  0:56  Drone  
  18  0:59  Extractor  
  17  1:08  Drone  
  18  1:25  Drone  
  19  1:27  Hatchery  
  19  1:30  Evolution Chamber  
  17  1:39  Drone  
  18  1:42  Queen  
  20  1:49  Overlord  
  20  1:54  Drone  
  21  2:02  Zergling x2  
  22  2:13  Zergling x2  
  23  2:22  Metabolic Boost  
  23  2:25  Drone  
  24  2:40  Queen, Drone  
  27  2:44  Drone x2  
  27  2:51  Extractor  
  28  2:54  Drone  
  28  2:55  Drone x2  
  31  3:00  Zerg Missile Weapons Level 1  
  31  3:03  Drone  
  31  3:05  Drone  
  33  3:12  Drone  
  34  3:16  Queen  
  34  3:19  Overlord  
  36  3:34  Drone, Spore Crawler  
  36  3:41  Drone  
  37  3:48  Roach Warren  
  36  3:53  Hatchery  
  35  3:56  Drone  
  35  3:57  Drone x2  
  35  3:58  Drone  
  35  3:59  Drone  
  35  4:02  Drone  
  41  4:11  Evolution Chamber  
  41  4:14  Lair  
  40  4:25  Drone x2  
  42  4:34  Drone x2  
  44  4:38  Overlord x2  
  44  4:45  Zerg Ground Armor Level 1  
  44  4:52  Extractor  
  43  4:57  Spore Crawler  
  43  4:59  Drone x5, Spore Crawler  
  47  5:00  Drone x3  
  49  5:07  Drone x4  
  49  5:13  Drone  
  54  5:22  Roach  
  54  5:23  Drone  
  57  5:30  Zergling x6, Roach x3  
  57  5:34  Overlord  
  66  5:35  Overlord  
  66  5:38  Zerg Missile Weapons Level 2  
  66  5:44  Extractor  
  65  6:03  Roach x8  
  80  6:20  Roach  
  82  6:28  Extractor  
  82  6:30  Overlord x3  
  82  6:32  Drone  
  82  6:50  Ravager x8  
  82  6:51  Ravager  
  91  6:55  Hatchery  
  91  6:58  Drone x5  
  95  7:08  Drone  
  95  7:09  Drone  
  95  7:10  Drone  
  95  7:11  Drone x3  
  101  7:18  Spine Crawler  
  101  7:21  Drone x2  
  102  7:24  Extractor  
  101  7:36  Roach x2  
  105  7:38  Overlord x5  
  105  7:39  Overlord x2  
  105  7:46  Infestation Pit  
  104  7:57  Drone x3  
  107  8:04  Drone x3  
  110  8:09  Queen, Drone  
  110  8:12  Zerg Ground Armor Level 2  
  113  8:26  Hatchery  
  112  8:28  Drone  
  112  8:29  Drone  
  112  8:31  Hive  
  114  8:38  Hydralisk Den  
  114  8:39  Drone  
  114  8:43  Glial Reconstitution  
  114  8:45  Queen  
  114  8:46  Burrow  
  114  8:48  Pneumatized Carapace  
  116  8:51  Drone  
  116  8:54  Extractor  
  116  9:09  Hydralisk x6  
  122  9:10  Roach x6, Hydralisk x7  
  122  9:11  Roach x7  
  122  9:13  Overlord x2  
  168  9:28  Overlord x3  
  168  9:31  Queen  
  168  9:33  Ravager x5  
  175  9:43  Queen, Drone  
  178  9:52  Extractor  
  178  9:58  Grooved Spines  
  178  10:00  Drone x4  
  178  10:03  Drone  
  178  10:04  Drone  
  183  10:07  Zerg Missile Weapons Level 3  
  183  10:15  Lurker Den  
  183  10:19  Queen  
  184  10:24  Drone x2  
  186  10:28  Hydralisk x3  
  186  10:29  Roach x4  
  200  10:41  Zerg Ground Armor Level 3  
  200  10:42  Tunneling Claws  
  200  10:51  Adrenal Glands  
  200  10:57  Extractor  
  199  11:09  Muscular Augments  
  158  11:38  Drone x3  
  116  11:51  Roach, Hydralisk x6  
  116  11:52  Roach x8, Hydralisk x8  
  116  11:53  Roach x5  
  116  11:54  Roach  
  159  12:07  Hydralisk x4  
  159  12:08  Roach x5  
  164  12:27  Lurker x4  
  168  12:36  Drone x2  
  170  12:40  Extractor  
  169  12:45  Zerg Melee Weapons Level 1  
  167  12:57  Ravager x5  
  167  12:58  Ravager x4  
  160  13:18  Hatchery  
  88  13:36  Hydralisk  
  88  13:38  Hydralisk x3  
  88  13:39  Roach x4, Hydralisk  
  88  13:41  Roach, Hydralisk x7  
  106  13:42  Hydralisk x2, Roach x8  
  142  14:01  Seismic Spines  
  142  14:09  Ravager  
  145  14:10  Ravager x7  
  111  14:31  Hydralisk x3  
  111  14:32  Roach x3, Hydralisk x6  
  111  14:33  Hydralisk, Roach  
  111  14:34  Roach x2  
  123  14:41  Hydralisk  
  123  14:42  Roach x2  
  123  14:45  Hydralisk x3  
  126  14:46  Roach x3  
  126  14:52  Drone x2  
  140  14:58  Adaptive Talons  
  140  14:59  Ravager x4  
  121  15:24  Roach, Hydralisk x6  
  121  15:25  Roach x8, Hydralisk x2  
  124  15:41  Hydralisk  
  126  15:47  Ravager  
  119  15:52  Lurker x2  
  119  15:53  Lurker x2  
Show
View Real Time Build Order
Export as new Build Order

sHESbrOKen Protoss 

Build Orders: Cannon Rush, Carriers 

Get SALT Encoding   

  1  0:00  Probe  
  13  0:09  Probe  
  14  0:20  Probe  
  15  0:25  Pylon  
  15  0:43  Probe  
  16  0:50  Assimilator  
  16  0:54  Probe  
  16  0:56  Gateway  
  17  1:01  Forge  
  17  1:02  Probe  
  18  1:24  Pylon  
  18  1:52  Photon Cannon  
  18  1:54  Photon Cannon  
  18  1:55  Photon Cannon  
  18  1:57  Photon Cannon  
  18  2:04  Cybernetics Core  
  18  2:06  Probe  
  18  2:08  Gateway  
  18  2:14  Probe  
  20  2:27  Photon Cannon  
  20  2:37  Photon Cannon  
  20  2:55  Shield Battery  
  20  2:56  Photon Cannon  
  20  3:06  Probe  
  21  3:14  Warp Gate, Probe  
  22  3:20  Assimilator  
  22  3:23  Probe  
  23  3:35  Probe  
  24  3:43  Pylon  
  24  3:47  Probe  
  25  3:52  Nexus  
  25  3:58  Pylon  
  25  3:59  Probe  
  26  4:19  Stargate x2  
  26  4:24  Probe  
  27  4:38  Assimilator  
  27  4:42  Assimilator  
  27  4:45  Robotics Facility  
  27  4:48  Photon Cannon  
  27  4:50  Probe  
  28  5:03  Probe  
  29  5:12  Protoss Air Weapons Level 1  
  29  5:14  Probe  
  29  5:17  Probe  
  29  5:19  Photon Cannon  
  31  5:22  Probe  
  31  5:25  Probe  
  32  5:33  Probe  
  32  5:35  Probe  
  34  5:40  Fleet Beacon  
  35  6:18  Photon Cannon  
  35  6:22  Photon Cannon  
  35  6:24  Photon Cannon  
  35  6:27  Photon Cannon  
  35  6:29  Photon Cannon  
  35  6:30  Photon Cannon  
  35  6:34  Shield Battery  
  35  6:36  Shield Battery  
  35  6:53  Probe  
  36  7:01  Probe  
  36  7:05  Tempest x2  
  47  7:26  Photon Cannon  
  47  7:27  Photon Cannon  
  47  7:48  Tempest x2  
  57  8:15  Probe  
  57  8:16  Nexus  
  57  8:19  Pylon  
  58  8:27  Probe  
  59  8:38  Pylon  
  59  8:39  Probe  
  60  8:43  Pylon  
  60  8:51  Probe  
  60  8:53  Tempest  
  66  8:56  Tempest  
  71  9:04  Probe  
  71  9:05  Twilight Council  
  71  9:07  Photon Cannon  
  72  9:12  Photon Cannon  
  72  9:15  Shield Battery  
  72  9:18  Photon Cannon  
  72  9:21  Probe  
  72  9:29  Probe  
  73  9:34  Observer  
  73  9:36  Tempest  
  80  9:39  Tempest, Probe  
  86  9:51  Probe  
  87  9:55  Assimilator, Observer  
  87  9:59  Assimilator  
  88  10:01  Dark Shrine  
  88  10:04  Robotics Facility  
  88  10:06  Robotics Facility  
  88  10:08  Robotics Facility  
  88  10:11  Pylon  
  88  10:14  Pylon  
  88  10:16  Observer  
  89  10:32  Probe  
  89  10:36  Protoss Shields Level 1  
  89  10:37  Observer  
  89  10:40  Probe  
  89  10:41  Carrier x2  
  104  10:50  Probe  
  104  10:52  Observer  
  104  10:55  Protoss Air Armor Level 1  
  106  11:45  Carrier  
  66  12:41  Immortal x3  
  66  12:42  Stargate x2  
  66  12:43  Stargate  
  78  12:52  Gateway  
  78  12:53  Gateway  
  78  12:54  Gateway  
  71  13:10  Carrier  
  77  13:20  Immortal  
  77  13:21  Immortal x2  
  82  13:43  Carrier x2  
  90  14:00  Immortal x3  
  98  14:08  Dark Templar x2  
  98  14:09  Dark Templar  
  104  14:39  Immortal  
  104  14:45  Pylon  
  108  14:50  Pylon  
  108  14:52  Pylon  
  108  14:53  Pylon  
  108  14:55  Pylon  
  108  14:56  Pylon  
  108  14:58  Carrier x2  
  80  15:42  Void Ray x3  
Show
View Real Time Build Order
Export as new Build Order

BON Terran 

Build Orders:  

Get SALT Encoding   

  12  0:02  SCV  
  13  0:21  SCV  
  14  0:38  Supply Depot  
  14  0:51  Refinery  
  14  1:00  SCV  
  15  1:06  Barracks  
  15  1:12  SCV  
  16  1:24  SCV  
  17  1:36  SCV  
  18  1:48  SCV  
  19  1:58  Barracks Reactor  
  19  2:00  SCV  
  20  2:07  Barracks  
  20  2:13  Orbital Command  
  20  2:45  Marine x2  
  22  2:54  Barracks Reactor  
  22  3:03  Supply Depot, Marine  
  22  3:05  Command Center  
  23  3:13  Refinery  
  23  3:24  Marine x2  
  23  3:25  SCV  
  26  3:30  Supply Depot  
  26  3:37  SCV  
  27  3:42  Marine x2  
  29  3:49  SCV  
  29  3:55  Supply Depot  
  30  3:56  Supply Depot  
  30  3:57  Marine x2  
  30  4:00  Marine x2  
  30  4:01  SCV  
  35  4:13  SCV  
  35  4:15  Marine x2  
  38  4:18  Marine x2  
  40  4:24  SCV  
  41  4:33  Marine  
  41  4:36  SCV  
  43  4:48  SCV  
  43  4:52  Factory  
  44  4:56  SCV  
  44  4:58  Factory  
  45  5:00  SCV  
  46  5:08  SCV  
  46  5:13  SCV  
  48  5:19  Marine  
  48  5:20  SCV  
  51  5:25  SCV  
  51  5:26  Marine  
  51  5:27  Marine  
  51  5:28  Marine  
  54  5:32  SCV  
  54  5:35  Factory Tech Lab  
  55  5:37  Marine, SCV  
  57  5:43  Starport  
  57  5:44  Marine, SCV  
  57  5:45  Marine x2, Factory Tech Lab, Starport  
  57  5:49  SCV  
  62  5:55  Marine  
  63  6:39  Marine x2  
  65  6:40  Marine  
  65  6:41  Marine  
  67  6:57  Marine x2  
  67  6:58  Marine  
  70  7:08  Fusion Core  
  70  7:09  Armory  
  70  7:19  Marine x4  
  74  7:26  Supply Depot x2  
  74  7:28  SCV  
  75  7:37  Marine x3  
  78  7:47  Marine, SCV  
  80  7:55  Marine  
  81  7:58  Starport Tech Lab  
  81  7:59  SCV, Starport Tech Lab  
  81  8:02  Thor  
  81  8:03  Thor  
  94  8:26  Terran Vehicle And Ship Armor Level 1  
  94  8:47  Supply Depot  
  94  8:49  Supply Depot  
  94  9:03  Engineering Bay  
  94  9:09  Thor, SCV  
  101  9:10  SCV  
  101  9:11  Thor  
  101  9:12  Refinery  
  108  9:19  Refinery  
  108  9:21  SCV  
  108  9:22  SCV  
  110  10:20  Terran Ship Weapons Level 1  
  110  10:40  Supply Depot  
  110  10:44  Supply Depot  
  110  10:56  Supply Depot  
  110  10:59  Terran Infantry Weapons Level 1  
  110  11:02  Medivac, SCV x2  
  114  11:14  SCV x2  
  116  11:26  SCV x2  
  116  11:32  Medivac  
  120  11:38  SCV  
  121  11:50  SCV  
  113  12:02  Medivac  
  110  12:24  Thor  
  110  12:25  Thor  
  122  12:32  Medivac  
  124  12:50  Supply Depot  
  124  12:53  Supply Depot, Terran Infantry Armor Level 1  
  124  12:56  Supply Depot  
  124  12:57  Supply Depot  
  126  13:07  Thor  
  126  13:12  Thor  
  136  13:20  Battlecruiser  
  142  13:27  SCV  
  141  13:40  Supply Depot  
  128  13:42  Supply Depot  
  109  13:49  Thor  
  109  13:54  Thor  
  71  15:13  SCV  
Show
View Real Time Build Order
Export as new Build Order

MrFercho Zerg - Winner!

Build Orders: Hatch First, Lurkers 

Get SALT Encoding   

  12  0:01  Drone  
  13  0:13  Overlord  
  13  0:18  Drone  
  14  0:32  Drone x2  
  16  0:54  Hatchery, Drone  
  17  0:57  Drone  
  17  1:01  Drone  
  18  1:08  Extractor  
  17  1:18  Spawning Pool  
  17  1:20  Drone  
  17  1:23  Drone  
  18  1:29  Drone  
  19  1:40  Overlord  
  19  1:51  Drone  
  20  2:06  Queen x2  
  24  2:09  Zergling x4  
  24  2:13  Drone  
  27  2:24  Drone x2  
  27  2:27  Drone  
  30  2:31  Metabolic Boost  
  30  2:33  Drone  
  31  2:38  Drone  
  32  2:50  Queen  
  34  2:53  Lair  
  34  2:55  Drone x2  
  36  3:02  Overlord x2  
  36  3:22  Drone x8  
  44  3:41  Hatchery  
  44  3:43  Drone x2  
  44  3:44  Drone x2  
  47  3:53  Baneling Nest, Drone  
  47  4:01  Drone  
  47  4:02  Drone x4  
  52  4:04  Overlord x2  
  52  4:26  Zergling x10  
  57  4:42  Extractor  
  57  4:44  Extractor, Drone x3  
  58  4:46  Drone x3  
  61  4:56  Drone x3  
  64  5:01  Queen  
  66  5:15  Nydus Network  
  66  5:19  Zergling x10, Hydralisk Den  
  66  5:20  Zergling x4  
  71  5:31  Zergling x6  
  71  5:33  Overlord  
  71  5:34  Overlord x3  
  74  5:46  Baneling x14  
  74  5:47  Baneling  
  71  6:10  Zergling x2  
  71  6:11  Zergling x18  
  70  6:26  Zergling x14  
  77  6:36  Hatchery  
  77  6:38  Muscular Augments  
  76  6:46  Drone x5  
  81  6:59  Lurker Den  
  80  7:08  Drone x3  
  82  7:12  Drone x8  
  82  7:15  Extractor  
  90  7:17  Extractor  
  89  7:24  Baneling x6  
  89  7:25  Centrifical Hooks  
  89  7:38  Infestation Pit  
  88  7:49  Evolution Chamber  
  88  7:50  Grooved Spines  
  87  7:51  Evolution Chamber  
  87  7:53  Drone x3, Evolution Chamber  
  87  7:54  Extractor  
  87  7:55  Drone x3  
  87  7:56  Drone x2  
  92  7:59  Hydralisk x6  
  104  8:19  Overlord x4  
  104  8:20  Overlord x2  
  104  8:23  Hatchery  
  104  8:24  Hive  
  103  8:33  Spire  
  102  8:52  Drone x11  
  113  9:03  Spine Crawler  
  113  9:04  Spine Crawler x2  
  113  9:05  Spine Crawler x2  
  113  9:06  Spine Crawler  
  113  9:07  Spine Crawler  
  106  9:10  Spore Crawler  
  106  9:14  Spore Crawler  
  104  9:22  Overlord x3  
  104  9:23  Overlord x2  
  104  9:35  Zerg Melee Weapons Level 1, Zerg Ground Armor Level 1, Zerg Missile Weapons Level 1  
  104  9:37  Seismic Spines  
  104  9:41  Hydralisk  
  104  9:42  Hydralisk x9  
  124  9:48  Drone x3  
  124  9:49  Drone x7  
  134  9:59  Extractor  
  133  10:01  Extractor  
  132  10:08  Lurker x4  
  132  10:13  Lurker  
  137  10:17  Overseer  
  137  10:19  Overseer  
  137  10:22  Overseer  
  137  10:34  Adaptive Talons  
  137  10:40  Hydralisk x6  
  150  10:42  Zergling x2  
  150  10:43  Zergling x40  
  150  10:45  Hatchery  
  150  10:46  Extractor  
  150  10:48  Extractor  
  167  11:09  Nydus Canal  
  144  12:26  Hydralisk x8  
  144  12:27  Hydralisk x19  
  149  13:44  Hydralisk x19  
  149  13:45  Hydralisk x8  
  183  14:28  Hydralisk  
  183  14:29  Hydralisk x14  
  169  15:09  Ultralisk Cavern  
  114  15:41  Drone x11  
  123  15:57  Zergling x26  
  123  15:58  Zergling x10  
Show
View Real Time Build Order
Export as new Build Order

TATORREA Protoss - Winner!

Build Orders: 1 Gate Expand 

Get SALT Encoding   

  12  0:01  Probe  
  13  0:13  Probe  
  14  0:27  Pylon  
  14  0:28  Probe  
  15  0:45  Probe  
  16  0:54  Probe  
  16  0:55  Gateway  
  16  1:02  Probe  
  18  1:12  Probe  
  18  1:13  Assimilator  
  18  1:14  Pylon  
  20  1:25  Probe  
  20  1:37  Probe  
  21  1:43  Nexus  
  21  1:52  Assimilator  
  21  1:58  Probe  
  22  2:05  Pylon, Zealot  
  24  2:11  Probe  
  25  2:22  Cybernetics Core  
  25  2:25  Probe  
  26  2:37  Probe  
  27  2:45  Probe  
  27  2:46  Gateway  
  28  2:52  Zealot  
  28  2:53  Probe  
  31  2:58  Warp Gate  
  31  3:01  Probe  
  31  3:04  Probe  
  33  3:13  Probe  
  33  3:15  Twilight Council  
  33  3:16  Probe  
  35  3:23  Zealot  
  35  3:25  Probe  
  38  3:29  Probe  
  38  3:32  Charge  
  39  3:37  Probe  
  39  3:40  Pylon  
  40  3:43  Probe  
  41  3:50  Probe, Zealot  
  41  3:51  Gateway  
  44  3:57  Zealot  
  44  3:59  Probe  
  47  4:08  Probe  
  48  4:11  Probe  
  48  4:17  Assimilator  
  49  4:18  Assimilator  
  49  4:20  Probe  
  49  4:23  Probe  
  51  4:28  Gateway  
  51  4:29  Gateway  
  51  4:32  Probe  
  51  4:35  Probe  
  53  4:45  Probe  
  54  4:49  Zealot  
  54  4:50  Zealot x2  
  60  5:06  Forge  
  60  5:07  Forge  
  60  5:09  Forge  
  60  5:13  Pylon, Zealot  
  62  5:16  Pylon  
  62  5:20  Pylon  
  60  5:44  Protoss Ground Armor Level 1, Protoss Ground Weapons Level 1  
  60  5:45  Protoss Shields Level 1  
  50  5:57  Nexus  
  44  5:59  Pylon  
  44  6:00  Zealot  
  44  6:01  Pylon, Zealot x4  
  54  6:10  Blink  
  54  6:17  Probe x2  
  56  6:29  Probe x2  
  58  6:52  Stalker x4  
  58  6:53  Stalker  
  58  6:55  Probe x2  
  60  7:06  Templar Archives  
  60  7:07  Probe x2  
  62  7:11  Robotics Facility  
  62  7:12  Robotics Facility, Probe  
  63  7:19  Probe x2  
  63  7:20  Zealot x4  
  63  7:21  Zealot  
  75  7:24  Probe  
  76  7:31  Probe  
  77  7:49  Protoss Ground Weapons Level 2  
  77  7:50  Protoss Ground Armor Level 2  
  77  7:51  Protoss Shields Level 2  
  77  8:05  Nexus  
  77  8:09  Pylon x2  
  77  8:16  Psionic Storm  
  77  8:19  Gateway  
  77  8:20  Gateway  
  77  8:24  Probe x3  
  80  8:27  Gateway  
  80  8:30  Sentry  
  80  8:31  Sentry, Gateway  
  80  8:32  Zealot  
  80  8:33  Zealot  
  88  8:34  High Templar  
  88  8:36  Gateway  
  90  8:42  Probe  
  91  8:51  Robotics Bay  
  91  8:52  Assimilator  
  91  8:53  Stargate  
  91  8:55  Assimilator  
  91  8:56  Stargate  
  91  8:57  Stargate  
  91  9:00  Probe x3  
  94  9:06  Stalker x2  
  94  9:08  High Templar x3  
  104  9:12  Probe x3, Archon  
  104  9:13  Archon  
  107  9:19  Probe  
  108  9:24  Probe x2  
  108  9:25  Probe  
  111  9:31  Probe  
  112  9:39  Pylon  
  112  9:45  Pylon  
  112  9:48  Pylon, High Templar  
  112  9:49  High Templar x3  
  112  9:51  Pylon  
  112  9:52  Archon  
  120  9:53  Archon  
  120  9:56  Pylon, Zealot x3  
  120  9:57  Zealot x3  
  132  10:04  Colossus, Pylon  
  138  10:07  Pylon  
  138  10:10  Colossus, Pylon  
  138  10:13  Pylon  
  144  10:20  Assimilator  
  144  10:25  Assimilator  
  144  10:29  Extended Thermal Lance  
  144  10:33  Phoenix  
  146  10:49  Probe  
  147  10:50  Probe x3  
  147  10:51  Protoss Ground Weapons Level 3, Protoss Ground Armor Level 3  
  147  10:56  Protoss Shields Level 3  
  150  10:59  Observer  
  135  11:39  Zealot x3  
  135  11:40  Zealot x4  
  135  11:41  Zealot x3  
  129  12:14  Stalker x5  
  129  12:15  Stalker x3  
  143  12:16  Stalker x2  
  147  13:08  Gateway  
  147  13:10  Gateway  
  147  13:13  Gateway  
  147  13:16  Gateway  
  137  13:21  Gateway  
  137  13:23  Gateway  
  137  13:26  Gateway  
  104  13:28  Gateway  
  104  13:29  Gateway  
  104  13:32  Gateway  
  88  13:35  Gateway  
  88  13:36  Stalker x3  
  88  13:37  Stalker x4, Gateway  
  88  13:38  Stalker x2  
  88  13:39  Stalker  
  96  13:42  Colossus x2  
  108  13:56  Nexus  
  108  13:57  Pylon  
  108  14:00  Pylon  
  98  14:22  High Templar  
  98  14:23  High Templar x5  
  98  14:24  High Templar x4  
  104  14:25  High Templar x5  
  104  14:29  Zealot  
  104  14:30  Archon x3  
  104  14:31  Archon x4  
  120  14:36  Colossus x2  
  132  14:42  Probe x4  
  136  14:58  Stalker x3  
  136  14:59  Stalker x2  
  146  15:00  Zealot x2  
  146  15:01  Zealot x3  
  146  15:02  Zealot x5  
  146  15:03  Zealot x4  
  146  15:04  Zealot x3  
  180  15:19  Assimilator  
  180  15:21  Assimilator  
  170  15:29  Colossus  
  170  15:30  Observer  
  175  15:51  Observer  
  172  16:10  High Templar x4  
  172  16:11  High Templar x4  
  184  16:12  High Templar x4  
  184  16:16  Archon  
  184  16:17  Archon x3  
  184  16:18  Archon x2  
Show
View Real Time Build Order
Export as new Build Order

tigro Terran - Winner!

Build Orders:  

Get SALT Encoding   

  12  0:02  SCV  
  13  0:14  SCV  
  14  0:26  SCV  
  15  0:32  Supply Depot  
  15  0:49  Refinery  
  15  0:54  Supply Depot, SCV  
  16  1:00  Barracks  
  16  1:06  SCV  
  17  1:18  SCV  
  18  1:26  Refinery  
  18  1:30  SCV  
  19  1:42  SCV  
  20  1:48  Marine  
  21  1:54  SCV  
  22  2:06  Marine, SCV  
  24  2:10  Factory  
  24  2:18  SCV  
  25  2:24  Marine  
  25  2:25  Engineering Bay  
  26  2:41  Marine  
  27  2:44  Orbital Command  
  27  2:59  Marine  
  28  3:05  Factory Tech Lab  
  28  3:07  Command Center  
  28  3:11  Terran Infantry Weapons Level 1  
  28  3:25  Barracks Tech Lab  
  31  3:27  Siege Tank  
  31  3:43  SCV  
  32  3:59  Starport  
  32  4:21  Refinery  
  32  4:34  Missile Turret  
  32  4:55  Missile Turret  
  32  4:57  Medivac  
  34  5:02  SCV  
  34  5:06  Terran Infantry Armor Level 1  
  35  5:15  Missile Turret, SCV  
  36  5:27  SCV  
  37  5:34  Marine  
  38  5:38  Combat Shield  
  38  5:39  SCV  
  38  5:40  Missile Turret  
  39  5:51  SCV  
  39  5:52  Marine  
  38  6:01  Missile Turret  
  36  6:10  Marine  
  37  6:23  Missile Turret  
  37  6:28  Marine  
  36  6:42  Siege Tank  
  36  6:44  Missile Turret  
  36  6:45  Marine  
  40  6:56  SCV  
  40  6:57  Stimpack  
  40  7:00  Hi-Sec Auto Tracking  
  41  7:03  Marine  
  41  7:04  Refinery  
  41  7:07  Command Center  
  41  7:08  SCV  
  43  7:15  Siege Tank  
  46  7:20  SCV  
  46  7:21  Marine  
  48  7:25  Starport Tech Lab  
  48  7:32  SCV  
  49  7:44  SCV  
  49  7:47  Siege Tank  
  53  7:56  SCV  
  53  7:57  Neosteel Armor  
  54  8:08  SCV  
  55  8:20  Refinery, SCV  
  56  8:29  Refinery  
  56  8:30  Barracks  
  56  8:32  SCV  
  57  8:43  Medivac  
  57  8:44  SCV  
  60  9:20  Starport  
  60  9:21  Planetary Fortress  
  60  9:32  Fusion Core  
  60  9:39  SCV  
  61  9:51  SCV  
  61  9:52  Barracks Reactor  
  62  10:00  Starport Tech Lab  
  62  10:04  SCV  
  63  10:16  SCV  
  63  10:20  Weapon Refit  
  64  10:22  Armory, Battlecruiser x2  
  64  10:28  SCV  
  77  10:47  Missile Turret  
  77  11:05  Supply Depot  
  77  11:13  Missile Turret  
  77  11:19  Terran Infantry Weapons Level 2  
  77  11:26  Marine x2  
  77  11:27  Marine, Battlecruiser  
  77  11:28  Supply Depot  
  82  11:44  Marine x3  
  85  11:50  Battlecruiser  
  85  11:52  Supply Depot, Missile Turret  
  91  12:00  Rapid Reignition System  
  91  12:02  Marine x2  
  93  12:13  Marine  
  94  12:19  Marine x2  
  94  12:20  Missile Turret  
  96  12:31  Marine  
  97  12:37  Marine x2  
  97  12:41  Missile Turret  
  99  12:48  Marine  
  100  12:55  Marine  
  101  13:04  Marine, Missile Turret  
  100  13:06  Marine  
  100  13:07  Battlecruiser x2  
  108  13:13  Marine  
  93  13:22  Marine  
  93  13:24  Marine  
  95  13:31  Marine  
  95  13:32  Missile Turret  
  96  13:35  Terran Infantry Armor Level 2  
  96  13:40  Marine  
  97  13:42  Marine  
  93  13:48  Marine  
  93  13:58  Marine  
  93  14:00  Marine  
  95  14:06  Marine  
  94  14:11  Battlecruiser  
  94  14:12  Battlecruiser  
  94  14:16  Marine  
  106  14:17  Marine  
  94  14:24  Marine  
  92  14:34  Marine  
  92  14:35  Marine  
  94  14:42  Marine  
  95  14:51  Marine  
  96  14:53  Marine  
  96  15:00  Marine  
  86  15:09  Marine  
  86  15:11  Marine  
  81  15:15  Battlecruiser  
  81  15:16  Battlecruiser  
  81  15:18  Marine  
  92  15:27  Marine  
  93  15:29  Marine  
  94  15:35  Marine  
  95  15:45  Marine  
  95  15:47  Marine  
  97  15:53  Marine  
  98  16:03  Marine  
  99  16:04  Marine  
  100  16:11  Marine  
Tags
 
Add a new tag
Caveats
  • Supply blocks, unpowered buildings, or Contaminate may cause inaccurate times.
  • Supply counts are checked every 10 seconds.